Map: Efflorescence LE

Players

qqq - Winner!

  • Race: Zerg Zerg
  • League: Platinum
  • Spawn Location: 6:00

Massa - Winner!

  • Race: Terran Terran
  • League: Platinum
  • Spawn Location: 9:00

Ölvi

  • Race: Terran Terran
  • League: Diamond
  • Spawn Location: 12:00

Skaði

  • Race: Zerg Zerg
  • Spawn Location: 3:00

VOD

Have the link to the VOD?

Description

Time

  • Played on: Jan. 23, 2021, 7:53 a.m.
  • Length: 9:53
Show
View Real Time Build Order
Export as new Build Order

qqq Zerg - Winner!

Build Orders: Hatch First 

Get SALT Encoding   

  12  0:10  Drone  
  12  0:11  Drone  
  14  0:21  Overlord  
  14  0:46  Hatchery  
  13  0:54  Drone  
  13  0:55  Drone  
  15  0:57  Drone  
  16  1:06  Drone  
  17  1:21  Spawning Pool  
  17  1:22  Extractor  
  17  1:24  Drone  
  16  1:37  Drone  
  17  1:42  Drone  
  18  1:53  Drone  
  19  2:04  Drone  
  19  2:05  Drone  
  21  2:08  Extractor  
  21  2:15  Extractor  
  20  2:16  Drone  
  21  2:25  Queen  
  21  2:26  Queen  
  21  2:28  Drone x2  
  21  2:29  Metabolic Boost  
  27  2:33  Overlord  
  27  2:37  Drone  
  28  2:46  Drone, Baneling Nest  
  28  2:51  Overlord  
  28  2:58  Zergling x4  
  30  3:00  Drone  
  31  3:09  Drone  
  31  3:11  Zergling x2  
  33  3:25  Zergling x4  
  33  3:26  Zergling x4  
  37  3:31  Baneling x3  
  37  3:38  Zergling x6  
  37  3:39  Drone  
  37  3:40  Zergling x6  
  44  3:42  Overlord  
  44  3:48  Baneling  
  44  3:51  Overlord  
  44  4:00  Zergling x2  
  45  4:05  Zergling x2  
  45  4:07  Drone  
  47  4:10  Baneling x2  
  47  4:14  Zergling x2  
  47  4:16  Drone  
  47  4:17  Zergling x2  
  50  4:28  Zergling x4  
  50  4:29  Zergling x4  
  54  4:36  Hatchery  
  46  4:58  Zergling x8  
  46  4:59  Zergling x4  
  46  5:21  Baneling x6  
  44  5:22  Zergling x4  
  44  5:23  Zergling x4  
  44  5:25  Lair  
  48  5:29  Baneling x2  
  48  5:35  Zergling x4  
  42  6:07  Zergling x4  
  42  6:08  Zergling x8  
  42  6:09  Zergling x12  
  42  6:10  Zergling x2  
  53  6:17  Drone x2, Zergling x2  
  55  6:25  Zergling x6  
  57  6:31  Zergling x2  
  54  6:42  Hatchery  
  51  6:51  Zergling x2  
  51  6:52  Zergling x6  
  51  6:53  Overlord x3  
  56  6:54  Zergling x10  
  47  7:08  Zergling x4  
  47  7:09  Drone x2, Zergling x2  
  50  7:16  Drone  
  51  7:23  Spire  
  51  7:24  Extractor  
  51  7:25  Drone x3  
  51  7:26  Drone x2  
  51  7:27  Drone x2  
  51  7:28  Zergling x2  
  57  7:31  Drone  
  57  7:35  Extractor  
  57  7:37  Extractor  
  41  8:08  Zergling x2  
  41  8:09  Zergling x8  
  41  8:10  Drone x7  
  41  8:11  Drone x3  
  56  8:13  Queen  
  56  8:16  Spine Crawler, Queen  
  59  8:22  Spine Crawler  
  59  8:23  Drone x2  
  59  8:24  Drone x3  
  63  8:37  Mutalisk x3  
  63  8:39  Drone x3  
  63  8:40  Drone  
  73  8:44  Mutalisk  
  73  8:46  Overlord  
  73  8:48  Drone  
  76  8:52  Hatchery  
  76  8:55  Spine Crawler  
  73  9:10  Mutalisk  
  73  9:11  Mutalisk  
  73  9:12  Drone x3  
  73  9:13  Drone x6  
  86  9:21  Mutalisk  
  86  9:23  Zergling x8  
  92  9:24  Drone x4  
  92  9:25  Drone  
  97  9:32  Spine Crawler  
Show
View Real Time Build Order
Export as new Build Order

Massa Terran - Winner!

Build Orders:  

Get SALT Encoding   

  12  0:00  SCV  
  13  0:12  SCV  
  14  0:18  Supply Depot  
  14  0:24  SCV  
  15  0:39  SCV  
  15  0:41  Barracks  
  16  0:46  Supply Depot  
  16  0:51  SCV  
  17  0:57  Refinery  
  17  1:03  SCV  
  18  1:15  SCV  
  19  1:18  Barracks  
  19  1:26  Barracks  
  19  1:32  Marine  
  19  1:36  SCV  
  21  1:50  Marine  
  21  1:52  Orbital Command  
  22  2:05  Barracks Tech Lab  
  22  2:08  Marine  
  22  2:14  Marine, Supply Depot  
  24  2:24  Marauder  
  24  2:26  Marine  
  22  2:30  Stimpack  
  27  2:32  Marine  
  28  2:44  Marine  
  28  2:46  Marauder  
  28  2:47  Supply Depot  
  28  2:49  Marine  
  32  3:01  Marine  
  32  3:04  Supply Depot  
  33  3:07  Marauder, Marine  
  36  3:19  Marine  
  37  3:25  Marine  
  38  3:28  Marauder  
  40  3:37  Marine  
  41  3:43  Marine  
  42  3:50  Marauder  
  42  3:55  Marine  
  45  4:01  Marine  
  46  4:11  Marauder  
  46  4:15  Marine  
  49  4:18  Marine  
  50  4:32  Marauder, Command Center  
  50  4:33  Marine  
  50  4:36  Marine  
  50  4:51  Marine  
  48  4:54  Marauder  
  48  4:57  Marine  
  48  5:08  Marine  
  38  5:15  Marauder, Marine  
  35  5:26  Marine  
  36  5:33  Marine  
  33  5:37  Marauder  
  33  5:40  SCV  
  36  5:44  Marine  
  34  5:51  Marine  
  34  5:52  SCV  
  36  5:58  Marauder  
  36  6:02  Marine  
  39  6:04  SCV  
  40  6:16  SCV  
  40  6:19  Marauder  
  36  6:33  Marine x2  
  36  6:36  Orbital Command  
  36  6:37  SCV  
  38  6:40  Factory  
  38  6:41  Marauder  
  38  6:49  SCV  
  38  6:50  Marine x2  
  38  7:01  SCV  
  39  7:02  Marauder  
  41  7:08  Marine x2  
  41  7:13  SCV  
  41  7:16  Concussive Shells  
  40  7:24  Marauder  
  40  7:26  Marine x2  
  40  7:28  SCV x2  
  40  7:29  Factory Tech Lab  
  46  7:32  Starport  
  46  7:34  Refinery  
  46  7:39  Refinery  
  46  7:40  SCV, Engineering Bay  
  46  7:43  Supply Depot  
  47  7:45  Marauder  
  47  7:46  Supply Depot x2  
  47  7:51  Marine x2  
  51  7:59  Combat Shield  
  51  8:06  Marauder  
  51  8:09  Marine  
  50  8:28  Marauder  
  51  8:38  Marine  
  51  8:39  Marine  
  51  8:41  Siege Tank  
  48  8:49  Marauder  
  50  8:56  Marine x2  
  50  8:59  Supply Depot  
  50  9:01  Supply Depot  
  52  9:02  Refinery  
  52  9:03  Missile Turret  
  52  9:04  Missile Turret  
  52  9:08  SCV x2  
  54  9:10  Marauder  
  54  9:13  Siege Tank  
  54  9:14  Marine x2, Medivac  
  63  9:20  SCV x2  
  65  9:31  Marine  
  66  9:44  Command Center  
  66  9:45  Starport Reactor  
Show
View Real Time Build Order
Export as new Build Order

Ölvi Terran 

Build Orders: 2 Factory, Gas First Reaper Expand, Mech 

Get SALT Encoding   

  12  0:00  SCV  
  13  0:12  SCV  
  14  0:19  Supply Depot  
  14  0:24  SCV  
  15  0:29  Refinery  
  15  0:40  SCV  
  16  0:46  Barracks  
  16  0:52  SCV  
  17  1:04  SCV  
  18  1:16  SCV  
  19  1:33  Orbital Command  
  19  1:34  Reaper  
  20  1:46  Command Center  
  20  2:17  SCV  
  20  2:19  Barracks Reactor  
  20  2:22  Factory  
  21  2:29  SCV  
  22  2:34  Refinery  
  22  2:41  SCV  
  23  2:49  Supply Depot  
  23  3:06  SCV  
  23  3:08  Factory  
  23  3:10  Barracks Tech Lab  
  23  3:11  Hellion  
  23  3:12  Hellion  
  28  3:15  Orbital Command  
  28  3:18  SCV  
  29  3:30  SCV  
  32  3:34  Hellion x2  
  32  3:41  Barracks Tech Lab  
  34  3:42  SCV  
  34  3:43  SCV  
  36  3:54  SCV, Factory  
  37  3:55  SCV  
  37  3:58  Cyclone  
  41  4:04  Hellion  
  43  4:20  Hellion  
  45  4:26  Supply Depot  
  45  4:30  Siege Tank  
  39  4:52  Hellion x3  
  37  5:03  Cyclone  
  37  5:13  Hellion x2  
  38  5:19  Hellion  
  36  5:34  Infernal Pre-Igniter  
  36  5:35  Siege Tank  
  37  5:36  SCV  
  38  6:00  SCV  
  38  6:03  Hellion  
  37  6:07  Hellion x2  
  36  6:12  SCV  
  36  6:15  Siege Tank  
  36  6:24  Hellion  
  37  6:30  Hellion  
  37  6:31  Orbital Command  
  34  6:58  SCV x2  
  32  7:09  Hellion x3  
  38  7:24  Supply Depot  
  38  7:25  Supply Depot  
  38  7:46  SCV x2, Hellion  
  38  7:48  Supply Depot  
  42  7:58  SCV x2  
  44  8:10  SCV x2  
  41  8:20  Hellion x3, Siege Tank  
  38  8:31  SCV x2  
  40  8:36  Factory  
  40  8:38  Factory  
  38  8:42  Hellion x2  
  38  8:43  SCV  
  38  8:44  SCV  
  38  8:45  Factory Tech Lab  
  44  8:52  Siege Tank  
  47  8:56  SCV x2  
  49  9:03  Hellion  
  49  9:08  SCV x2, Hellion, Siege Tank  
  58  9:20  SCV x2  
  58  9:22  Factory Tech Lab x2  
  60  9:24  Hellion, Command Center  
  60  9:30  Supply Depot x2  
  62  9:31  Refinery  
  62  9:32  Refinery  
  62  9:40  Supply Depot x2  
Show
View Real Time Build Order
Export as new Build Order

Skaði Zerg 

Build Orders: Hatch First 

Get SALT Encoding   

  12  0:01  Drone  
  13  0:13  Overlord  
  13  0:19  Drone  
  14  0:32  Drone x2  
  16  0:39  Drone  
  17  0:57  Hatchery, Drone  
  17  1:02  Extractor  
  16  1:14  Spawning Pool  
  16  1:17  Drone  
  16  1:21  Drone  
  17  1:25  Drone  
  18  1:43  Drone  
  18  1:44  Overlord  
  19  1:59  Drone  
  20  2:10  Drone  
  20  2:12  Drone x2, Queen  
  20  2:14  Queen  
  27  2:19  Metabolic Boost  
  27  2:34  Drone x3  
  27  2:35  Drone  
  31  2:55  Queen  
  31  2:57  Queen  
  35  3:12  Hatchery  
  34  3:17  Overlord x2  
  34  3:19  Zergling x4  
  36  3:36  Lair  
  34  3:59  Zergling x2  
  34  4:00  Zergling x2  
  34  4:02  Overlord x3  
  36  4:23  Zergling x2  
  36  4:24  Zergling x16  
  45  4:27  Baneling Nest  
  40  4:38  Zergling x2  
  40  4:39  Zergling x12  
  33  4:50  Zergling x2  
  33  4:51  Zergling x8  
  25  5:02  Zergling x2  
  25  5:03  Zergling x4  
  20  5:17  Drone  
  20  5:21  Baneling  
  19  5:29  Baneling  
  19  5:37  Drone x3  
  17  6:05  Zergling x6  
  20  6:18  Zergling x6  
  19  6:21  Zergling x2  
  14  6:42  Drone x2  
  13  7:06  Drone x3  
  13  7:22  Drone x2  
  15  7:27  Zergling x2  
  16  7:30  Drone  
  17  7:40  Drone x2  
  17  7:43  Drone  
  16  7:59  Drone  
  17  8:08  Drone x3  
  17  8:09  Drone  
  21  8:24  Zergling x4  
  21  8:26  Zergling x2  
  21  8:27  Queen  
  22  8:35  Zergling x2  
  22  8:36  Zergling x2  
  24  8:48  Drone x2  
  26  9:00  Spawning Pool  
  23  9:12  Drone  
  23  9:13  Drone  
  25  9:27  Drone  
  25  9:28  Drone x4  
Tags
 
Add a new tag
Caveats
  • Supply blocks, unpowered buildings, or Contaminate may cause inaccurate times.
  • Supply counts are checked every 10 seconds.